 Dungeon Crawl Stone Soup version 0.31.0-4-g52a2dc7128 (webtiles) character file.

Game seed: 11322486942437694096

68271 croobank the Prestidigitator (level 14, -2/72 (76) HPs)
             Began as a Felid Summoner on Jan 21, 2024.
             Was a Follower of Uskayaw.
             Killed by divine providence
             ... invoked by an orc priest
              (13 damage)
             ... on level 2 of the Orcish Mines.
             The game lasted 02:19:06 (33542 turns).

croobank the Prestidigitator (Felid Summoner)      Turns: 33542, Time: 02:19:07

HP:   -2/72 (76)    AC: 11    Str:  4    XL:     14   Next: 86%
MP:   19/28         EV: 23    Int: 25    God:    Uskayaw [*.....]
Gold: 1795          SH:  0    Dex: 16    Spells: 12/32 levels left
                                        Lives: 0   Deaths: 4

rFire   . .          .
                       - Unarmed
rCold   + . .        (shield unavailable)
rNeg    . . .        (body armour unavailable)
rPois   .            (helmet unavailable)
rElec   .            (cloak unavailable)
rCorr   .            (gloves unavailable)
SInv    +            (boots unavailable)
Will    ++...        C - amulet of faith
Stlth   +++          F - +4 ring of protection
HPRegen 0.32/turn    h - +4 ring of protection
MPRegen 0.21/turn

%: faith
@: unable to call your familiar, drained
A: very small, claws 1, fangs 3, see invisible, shaggy fur 3, stealthy paws, no
weapons or thrown items, no armour, multi-lived
a: Renounce Religion, Stomp


You were on level 2 of the Orcish Mines.
You worshipped Uskayaw.
Uskayaw was noncommittal.
You visited 3 branches of the dungeon, and saw 20 of its levels.
You also visited: Ice Cave.

You collected 1960 gold pieces.
You spent 165 gold pieces at shops.

Inventory:

Jewellery
 f - a ring of willpower
 h - a +4 ring of protection (right paw)
 B - a ring of fire
 C - an amulet of faith (around neck)
 F - a +4 ring of protection (left paw)
Wands
 b - a wand of flame (41)
 l - a wand of iceblast (32)
 m - a wand of polymorph (17)
 o - a wand of charming (15)
 u - a wand of digging (4)
Scrolls
 d - 3 scrolls of amnesia
 i - 2 scrolls of teleportation
 x - 3 scrolls of vulnerability
 y - a scroll of blinking
 z - a scroll of fear {unknown}
 D - a scroll of fog
Potions
 a - 3 potions of magic
 c - 3 potions of haste
 e - a potion of might
 g - 3 potions of invisibility
 j - a potion of brilliance
 k - 6 potions of mutation
 n - 3 potions of resistance
 p - 8 potions of curing
 q - 4 potions of lignification
 r - a potion of ambrosia {unknown}
 s - a potion of heal wounds
 v - a potion of experience {unknown}
 w - a potion of attraction
Miscellaneous
 t - a phial of floods
 A - a phantom mirror


   Skills:
 - Level 9.9 Fighting
 - Level 10.0 Dodging
 - Level 6.0 Stealth
 - Level 9.0 Unarmed Combat
 - Level 9.5 Spellcasting
 + Level 11.1 Summonings
 - Level 5.0 Fire Magic
 - Level 7.0 Air Magic
 + Level 7.8 Invocations
 - Level 12.6 Evocations


You had 12 spell levels left.
You knew the following spells:

 Your Spells              Type           Power      Damage    Failure   Level
a - Summon Small Mammal   Summ           100%       N/A       1%          1
b - Call Imp              Summ           100%       N/A       1%          2
c - Call Canine Familiar  Summ           61%        N/A       1%          3
d - Summon Blazeheart Go  Fire/Summ      51%        N/A       1%          4
e - Summon Lightning Spi  Summ/Air       55%        N/A       1%          4
h - Summon Cactus Giant   Summ           30%        N/A       9%          6

Your spell library contained the following spells:

 Spells                   Type           Power      Damage    Failure   Level
 Scorch                   Fire           72%        2d8       1%          2
 Summon Ice Beast         Ice/Summ       39%        N/A       1%          3
 Swiftness                Air            46%        N/A       1%          3
 Cigotuvi's Dreadful Rot  Necr/Alch/Air  46%        N/A       3%          2
 Apportation              Tloc           22%        N/A       5%          1
 Freeze                   Ice            44%        1d6       5%          1
 Magic Dart               Conj           44%        1d5       5%          1
 Inner Flame              Hex/Fire       24%        N/A       5%          3
 Martyr's Knell           Necr/Summ      39%        N/A       5%          4
 Blink                    Tloc           22%        N/A       8%          2
 Ensorcelled Hibernation  Hex/Ice        22%        N/A       8%          2
 Jinxbite                 Hex            22%        N/A       8%          2
 Sublimation of Blood     Necr           11%        N/A       8%          2
 Frozen Ramparts          Ice            22%        1d4       16%         3
 Hailstorm                Conj/Ice       11%        3d6       16%         3
 Passwall                 Erth           11%        N/A       16%         3
 Flame Wave               Conj/Fire      24%        2d8       19%         4
 Sticky Flame             Fire/Alch      24%        2d6       19%         4
 Animate Dead             Necr           11%        N/A       45%         4
 Cause Fear               Hex            5%         N/A       45%         4
 Dispel Undead            Necr           11%        3d9       45%         4
 Olgreb's Toxic Radiance  Alch           11%        N/A       45%         4
 Petrify                  Alch/Erth      11%        N/A       45%         4
 Alistair's Intoxication  Alch           7%         N/A       82%         5
 Borgnjor's Vile Clutch   Necr/Erth      5%         N/A       82%         5
 Irradiate                Conj/Alch      5%         3d13      82%         5
 Death Channel            Necr           5%         N/A       100%        6
 Sculpt Simulacrum        Ice/Alch       5%         N/A       100%        6
 Ozocubu's Refrigeration  Ice            5%         4d8       100%        7
 Discord                  Hex            5%         N/A       100%        8


Dungeon Overview and Level Annotations

Branches:
Dungeon (13/15)            Temple (0/1) D:5            Lair (5/5) D:11
  Swamp (0/4) Lair:2        Snake (0/4) Lair:2        Slime (0/5) Lair:5
    Orc (2/2) D:10            Elf (0/3) Orc:2         IceCv (visited)
 Vaults: D:13-14

Altars:
Nemelex Xobeh
Uskayaw
Wu Jian
The Shining One
Jiyva

Shops:
D:4 (   D:5 *   D:12 [[   Orc:1 [

Portals:
Abyss: D:3
Trove: D:12 (give 6 scrolls of fear)

Annotations:
Lair:1 2 transporters, Zvl3's ghost, journeyman GrEE
Lair:5 exclusion: oklob plant


Innate Abilities, Weirdness & Mutations

You have sharp claws.
You have razor-sharp teeth.
You have supernaturally acute eyesight. (SInv)
Your thick and shaggy fur keeps you warm. (AC +3, rC+)
Your paws help you pounce on unaware monsters.
You are incapable of wielding weapons or throwing items.
You cannot wear armour.
You gain extra lives every three experience levels.


Message History

Your inugami dies!
Your inugami disappears in a puff of smoke!
The orc priest calls down the wrath of Beogh upon you.
Beogh smites you!
Your lightning spire shoots out a bolt of lightning at the orc warrior!
The bolt of electricity hits the orc priest!
The bolt of electricity hits the orc warrior!
The orc warrior dies!
An orc priest comes into view. It is wielding a +0 club.
An orc priest comes into view. It is wielding a +2 dagger of venom.
Your lightning spire shoots out a bolt of lightning at the orc priest!
The bolt of electricity hits the orc priest!
The orc priest dies!
The bolt of electricity hits the orc priest!
The bolt of electricity hits the orc priest.
Your lightning spire disappears in a puff of smoke!
An orc warrior comes into view. It is wielding a +0 trident.
An orc priest comes into view. It is wielding a +1 heavy flail.
Casting: Summon Lightning Spire (dangerous; 1% risk of failure)
Confirm with . or Enter, or press ? or * to list all spells.
An electric hum fills the air.
The orc warrior shouts!
The orc priest shouts!
Your lightning spire is smitten.
The orc priest calls upon Beogh to heal the orc priest.
The orc priest is healed somewhat.
The orc priest mumbles some strange prayers to Beogh against you.
Beogh smites you!
Found 16 gold pieces.
The orc priest shouts!
Casting: Summon Lightning Spire (dangerous; 1% risk of failure)
Confirm with . or Enter, or press ? or * to list all spells.
A fiery spirit appears, bound in slag iron.
An orc priest comes into view.
It is wielding a +2 morningstar of protection.
The orc priest hits your lightning spire but does no damage.
The orc priest mumbles some strange prayers to Beogh against you.
Beogh smites you!
* * * LOW HITPOINT WARNING * * *
The orc priest calls down the wrath of Beogh upon you.
Beogh smites you!
You die...

.................. $#.#
.................)
#..$.......................
#..........................
.#........#.................
..........##............))..
#.#...#.##.............).).
......o....9...........)...
...<...8o.@..#.....^.......
###.)o...................
####ยง#o...).................
#..)$).o.##......#..........
......)o#.####.............#...
......)#### ##.......#........
....#.. #......#.........
....... ##.#.............
....#.# ####......#.....


You could see an orc warrior, 5 orc priests, a friendly lightning spire
(summoned) and a friendly blazeheart golem (summoned).

Vanquished Creatures
  Kirke (D:12)
  A dire elephant (Lair:5)
  An ettin (Orc:2)
  An ice dragon (Lair:5)
  2 hydras
  2 catoblepae
  A boulder beetle (Lair:3)
  2 two-headed ogres
  A deep troll shaman (Lair:5)
  9 death yaks (Lair:5)
  Amaemon (D:9)
  2 skysharks
  5 skeletal warriors (D:11)
  4 ugly things
  A manticore (D:11)
  An orc sorcerer (Orc:2)
  2 slime creatures
  6 elephants
  7 black mambas
  Maurice (D:7)
  A gargoyle (D:10)
  A torpor snail (Lair:4)
  3 kobold demonologists
  12 cane toads
  A rime drake (Lair:4)
  An orange demon (D:9)
  7 komodo dragons
  A tyrant leech (Lair:4)
  2 trolls
  2 hornets
  4 polar bears
  Prince Ribbit (D:5)
  A blink frog (Lair:5)
  8 wyverns
  A wraith (D:11)
  2 vampires
  7 basilisks
  39 yaks
  11 vampire mosquitoes
  A steam dragon (D:8)
  A naga (Lair:2)
  An acid dragon (D:11)
  8 water moccasins
  3 orc warriors
  The ghost of redpenguiin the Ruffian, an amateur TrWr of the Shining One (D:3)
  A small abomination (D:3)
  3 black bears
  4 ice beasts
  3 ogres
  2 centaurs
  14 wolves
  A slime creature simulacrum (IceCv)
  3 lemures (D:8)
  A kobold brigand (D:11)
  6 bullfrogs
  A gnoll sergeant (D:9)
  2 killer bees (D:8)
  A howler monkey (D:12)
  8 electric eels
  2 hounds (Lair:2)
  3 orc priests
  5 iguanas
  6 orc wizards
  Natasha (D:4)
  2 hell rats (Lair:1)
  A shapeshifter simulacrum (IceCv)
  7 gnolls
  An adder (D:5)
  A shadow imp (D:3)
  A ribbon worm (D:2)
  3 dart slugs
  15 orcs
  A bat (D:2)
  An endoplasm (D:4)
  A giant cockroach (D:2)
  5 goblins
  A hobgoblin (D:2)
  A quokka (D:4)
  4 ball pythons
  3 kobolds
  A rat (D:3)
287 creatures vanquished.

Vanquished Creatures (collateral kills)
  A quicksilver ooze (IceCv)
  A two-headed ogre (D:8)
  A death yak (Lair:5)
  Pikel (D:8)
  A swamp dragon (Lair:2)
  An ugly thing (D:7)
  A cyclops (D:12)
  A kobold blastminer (Orc:1)
  4 elephants
  A black mamba (Lair:3)
  A cane toad (Lair:3)
  3 rime drakes
  A troll (Orc:1)
  A polar bear (Lair:1)
  A hornet (D:8)
  2 blink frogs (Lair:5)
  6 dream sheep (Lair:5)
  3 slime creatures (D:12)
  3 shadows
  A basilisk (Lair:4)
  Sigmund (D:5)
  3 nameless horrors
  4 yaks
  A spriggan (D:9)
  3 vampire mosquitoes
  3 steam dragons (D:8)
  2 nagas (Lair:2)
  3 swamp worms (Lair:4)
  9 water moccasins
  10 orc warriors
  2 black bears
  2 ice beasts
  2 sky beasts (D:8)
  An ogre (Orc:1)
  12 wolves
  2 phantoms
  4 centaurs
  2 kobold brigands
  A lemure (D:8)
  Blork the orc (D:4)
  5 necrophages (Lair:3)
  2 gnoll sergeants
  2 scorpions
  5 bullfrogs
  A glowing shapeshifter simulacrum (IceCv)
  A wight (D:7)
  2 killer bees (D:8)
  2 howler monkeys
  23 orc priests
  3 bombardier beetles
  5 hounds
  3 jellies
  2 gnoll boudas
  An iron imp (D:3)
  3 hell rats (Lair:1)
  Natasha (twice) (D:4)
  4 iguanas
  20 orc wizards
  A shapeshifter simulacrum (IceCv)
  22 gnolls
  6 adders
  A shadow imp (D:7)
  3 ufetubi (D:7)
  2 ribbon worms
  51 orcs
  2 ball pythons
  7 endoplasms
  2 giant cockroaches
  A goblin (D:2)
  5 hobgoblins
  3 jackals (D:1)
  7 bats (D:1)
  2 frilled lizards
  16 kobolds
  4 rats
324 creatures vanquished.

Vanquished Creatures (others)
  An orc (D:8)
  187 blazeheart cores
188 creatures vanquished.

Grand Total: 799 creatures vanquished

Notes
Turn   | Place    | Note
-------+----------+-------------------------------------------
     0 | D:1      | croobank the Felid Summoner began the quest for the Orb.
     0 | D:1      | Reached XP level 1. HP: 9/9 MP: 4/4
   143 | D:1      | Slain by a kobold
   143 | D:1      | Lost a life (0 lives remaining)
   274 | D:1      | Reached XP level 2. HP: 13/13 MP: 4/6
   359 | D:1      | Learned a level 2 spell: Call Imp
   569 | D:1      | Reached XP level 3. HP: 16/16 MP: 7/7
   573 | D:1      | Learned a level 3 spell: Call Canine Familiar
   666 | D:1      | Found a faded altar of an unknown god.
   772 | D:1      | Prayed at the altar of an unknown god.
   772 | D:1      | Became a worshipper of Uskayaw the Reveller
   772 | D:1      | Reached * piety under Uskayaw
  1539 | D:2      | Reached XP level 4. HP: 21/21 MP: 5/8
  1539 | D:2      | Gained a life (1 life remaining)
  2594 | D:3      | Found a one-way gate to the infinite horrors of the Abyss.
  2594 | D:3      | Noticed redpenguiin's ghost (amateur TrWr)
  2685 | D:3      | Reached XP level 5. HP: 24/24 MP: 10/10
  2690 | D:3      | Learned a level 4 spell: Summon Blazeheart Golem
  2716 | D:3      | Reached ** piety under Uskayaw
  2775 | D:3      | Reached skill level 1 in Fighting
  2873 | D:3      | Found a transporter.
  2890 | D:3      | Found a transporter.
  3019 | D:3      | Noticed a small abomination
  3352 | D:3      | Identified a scroll of acquirement
  3352 | D:3      | Acquired a book of Scorching
  3626 | D:4      | Gained mutation: You are covered in thick fur. (AC +2)
                  | [Felid growth]
  3626 | D:4      | Reached XP level 6. HP: 30/30 MP: 0/11
  3633 | D:4      | Reached skill level 5 in Stealth
  3678 | D:4      | Reached skill level 1 in Fire Magic
  3793 | D:4      | Reached skill level 5 in Summonings
  4154 | D:4      | Noticed Blork the orc
  4201 | D:4      | Killed Blork the orc
  4202 | D:4      | Reached skill level 5 in Dodging
  4202 | D:4      | Reached XP level 7. HP: 35/35 MP: 1/13
  4202 | D:4      | Gained a life (2 lives remaining)
  4438 | D:4      | Noticed Natasha
  4451 | D:4      | Killed Natasha
  4713 | D:4      | Found Tishroaqo's Antique Weapon Boutique.
  4851 | D:4      | Noticed Natasha
  4892 | D:4      | Killed Natasha
  5405 | D:4      | Noticed Natasha
  5417 | D:4      | Killed Natasha
  5608 | D:5      | Entered Level 5 of the Dungeon
  5631 | D:5      | Noticed Sigmund
  5800 | D:5      | Noticed Prince Ribbit
  5811 | D:5      | Killed Prince Ribbit
  5812 | D:5      | Reached skill level 1 in Evocations
  6070 | D:5      | Reached skill level 2 in Evocations
  6073 | D:5      | Reached XP level 8. HP: 16/42 MP: 11/14
  6374 | D:5      | Found Naytutra's Assorted Antiques.
  6381 | D:5      | Bought a potion of heal wounds for 140 gold pieces
  6381 | D:5      | Bought a blue potion for 25 gold pieces
  6589 | D:5      | Found a staircase to the Ecumenical Temple.
  7607 | D:6      | Reached skill level 3 in Evocations
  8612 | D:7      | Reached skill level 4 in Evocations
  8630 | D:7      | Learned a level 4 spell: Summon Lightning Spire
  8748 | D:7      | Noticed Maurice
  8888 | D:7      | Noticed a nameless horror
  8892 | D:7      | Killed a nameless horror
  9438 | D:7      | Reached XP level 9. HP: 46/46 MP: 10/17
  9870 | D:7      | Reached skill level 5 in Evocations
 10062 | D:7      | Noticed a red ugly thing
 10062 | D:7      | Noticed a white ugly thing
 10223 | D:7      | Killed Maurice
 10224 | D:7      | Reached skill level 5 in Fighting
 10224 | D:7      | Reached skill level 5 in Spellcasting
 10390 | D:7      | Reached skill level 6 in Evocations
 11225 | D:7      | Noticed a two-headed ogre
 11226 | D:7      | Noticed a green ugly thing
 11234 | D:7      | Killed a cyan ugly thing
 11241 | D:7      | Killed a green ugly thing
 11242 | D:7      | Reached XP level 10. HP: 53/53 MP: 4/19
 11243 | D:7      | Killed a two-headed ogre
 11244 | D:7      | Reached skill level 7 in Evocations
 11244 | D:7      | Killed a brown ugly thing
 11923 | D:8      | Reached skill level 5 in Fire Magic
 11923 | D:8      | Reached skill level 8 in Evocations
 12383 | D:8      | Noticed Pikel
 12398 | D:8      | Killed Pikel
 12963 | D:8      | Reached XP level 11. HP: 58/58 MP: 16/21
 13032 | D:8      | Noticed a two-headed ogre
 13050 | D:8      | Killed a two-headed ogre
 13051 | D:8      | Reached skill level 9 in Evocations
 13214 | D:8      | Found a glowing golden altar of the Shining One.
 13248 | D:8      | Found a sparkling altar of Nemelex Xobeh.
 13902 | D:9      | Noticed Amaemon
 13913 | D:9      | Killed Amaemon
 14725 | D:9      | Reached skill level 10 in Dodging
 14926 | D:10     | Entered Level 10 of the Dungeon
 15165 | D:10     | Got the Writings on the Comburant Jinx
 15427 | D:10     | Noticed a sun demon
 15726 | D:10     | Reached skill level 10 in Evocations
 16405 | D:10     | Found a staircase to the Orcish Mines.
 16904 | D:11     | Reached skill level 11 in Evocations
 16904 | D:11     | Gained mutation: Your thick and shaggy fur keeps you warm.
                  | (AC +3, rC+) [Felid growth]
 16904 | D:11     | Reached XP level 12. HP: 60/64 MP: 16/24
 17086 | D:11     | Found a staircase to the Lair.
 17295 | D:11     | Noticed a catoblepas
 17308 | D:11     | Killed a catoblepas
 17309 | D:11     | Reached skill level 1 in Unarmed Combat
 17309 | D:11     | Reached skill level 1 in Air Magic
 17698 | D:11     | You fall into a shaft and drop 2 floors!
 17710 | D:12     | Found a portal to a secret trove of treasure.
 17783 | D:12     | Found Xinod's Armour Emporium.
 18780 | D:12     | Reached skill level 5 in Unarmed Combat
 19102 | D:12     | Found Rilim's Armour Shoppe.
 19456 | D:12     | Reached skill level 5 in Air Magic
 19713 | D:12     | Noticed Kirke
 19725 | D:12     | Killed Kirke
 20349 | Lair:1   | Entered Level 1 of the Lair of Beasts
 20838 | Lair:1   | Reached XP level 13. HP: 68/68 MP: 16/25
 21099 | Lair:1   | Found a transporter.
 21103 | Lair:1   | Noticed Zvl3's ghost (journeyman GrEE)
 21502 | Lair:1   | Found a transporter.
 22480 | Lair:2   | Reached *** piety under Uskayaw
 22486 | Lair:2   | Killed from afar by a rime drake
 22486 | Lair:2   | Lost a life (1 life remaining)
 22801 | Lair:2   | Learned a level 6 spell: Summon Cactus Giant
 22831 | Lair:2   | Found a staircase to the Swamp.
 23406 | Lair:2   | Identified the +8 war axe of Tant {pain, *Noise rN+ Dex+5}
 23433 | Lair:2   | Found a staircase to the Snake Pit.
 23851 | Lair:3   | Reached skill level 12 in Evocations
 25111 | Lair:3   | Found an ornate altar of the Wu Jian Council.
 25111 | Lair:3   | Found a hide-covered altar of Uskayaw.
 25148 | Lair:3   | Reached skill level 10 in Summonings
 26084 | Lair:4   | Reached XP level 14. HP: 75/75 MP: 23/27
 26084 | Lair:4   | Gained a life (2 lives remaining)
 26700 | Lair:4   | Collided with an inugami
 26700 | Lair:4   | Lost a life (1 life remaining)
 27158 | Lair:4   | Identified the staff of Causality {rElec rCorr Air Earth}
 27160 | Lair:4   | Identified the +5 trident of Beogh {pain, ^Fragile Fly rC-
                  | rN++}
 27417 | Lair:5   | Entered Level 5 of the Lair of Beasts
 27603 | Lair:5   | Found a frozen archway.
 27645 | IceCv    | Entered an ice cave
 27664 | IceCv    | Noticed a quicksilver ooze
 27668 | IceCv    | Killed a quicksilver ooze
 28257 | Lair:5   | Reached skill level 1 in Invocations
 29728 | Lair:5   | Reached skill level 5 in Invocations
 30212 | Lair:5   | Reached **** piety under Uskayaw
 31536 | Lair:5   | Found a viscous altar of Jiyva.
 31539 | Lair:5   | Found a staircase to the Slime Pits.
 31946 | D:5      | Killed Sigmund
 32185 | D:3      | Killed redpenguiin's ghost
 32412 | Orc:1    | Entered Level 1 of the Orcish Mines
 32445 | Orc:1    | HP: 2/76 [kobold blastminer/iron shot (25)]
 32448 | Orc:1    | Killed from afar by a kobold blastminer
 32448 | Orc:1    | Lost a life (0 lives remaining)
 32695 | Orc:1    | Found Ciwamog's Antique Armour Boutique.
 33125 | Orc:2    | Entered Level 2 of the Orcish Mines
 33211 | Orc:2    | Found a staircase to the Elven Halls.
 33542 | Orc:2    | Killed from afar by an orc priest

Illustrated notes

Levels and vault maps discovered:
D:1:      dpeg_arrival_shrine, layout_basic, ebering_ecumenical_altar_webs,
          minmay_misc_feat_doors
D:2:      wad_woods_pond, layout_loops_corners, hangedman_abyss_or_decor_stabs
D:3:      layout_loops_cross, gammafunk_ghost_abyssal_escape
D:4:      layout_gridville, serial_shops, shop, minivault_5, uniq_natasha,
          uniq_blork_the_orc
D:5:      layout_layer_cave, minmay_temple_entry_antechambers, serial_shops,
          nicolae_shop_behind_doors, uniq_prince_ribbit1, uniq_sigmund
D:6:      layout_basic, serial_aquarium, aquarium_bridge_island_small
          [aquarium_subvault_small_open, aquarium_subvault_wall,
          aquarium_subvault_balcony, aquarium_subvault_window,
          aquarium_subvault_bridge], aquarium_bridge_square
          [aquarium_subvault_wall, aquarium_subvault_bridge,
          aquarium_subvault_bridge, aquarium_subvault_bridge],
          aquarium_window_fake, aquarium_window_1, aquarium_view_2d,
          aquarium_balcony_1b, aquarium_pool_2
D:7:      nzn_winding_woodlands_large [nzn_winding_woodlands_5x5_cross,
          nzn_winding_woodlands_5x15_pathside_ponds,
          nzn_winding_woodlands_5x5_three,
          nzn_winding_woodlands_center_diamonds,
          nzn_winding_woodlands_15x15_thick_spiral,
          nzn_winding_woodlands_center_lodge, nzn_winding_woodlands_5x5_default,
          nzn_winding_woodlands_5x15_garden,
          nzn_winding_woodlands_5x5_closed_star], layout_loops_ring,
          serial_co_window_serial, co_window_of_opportunity_a,
          co_window_paths_b, co_window_cross_1, co_window_of_opportunity_a,
          co_window_paths_b, co_window_unsneaky_path_e,
          co_window_unsneaky_path_e, co_window_unsneaky_path_d,
          co_window_unsneaky_path_b, co_window_sun, co_window_paths_e,
          glass_columns_b, glass_columns_b, glass_columns_c, glass_columns_c,
          glass_columns_b, chequers_serial_rivers_micro_a,
          minmay_misc_feat_rows, uniq_maurice
D:8:      minmay_s_stair_smasher, layout_rooms, nicolae_overflow_squiral,
          uniq_pikel
D:9:      layout_loops_ring, the_hattery, uniq_amaemon
D:10:     layout_roguey, orc_0_dummy, kennysheep_boxes
D:11:     nzn_motion_control, layout_basic, minmay_lair_entry_grove
D:12:     layout_roguey, serial_shops, nicolae_shop_real_fake_doors,
          nicolae_shop_peninsula, nicolae_trove_entry_columns, uniq_kirke
D:13:     layout_basic, grunt_vaults_entry_tiered, ebering_ghost_rock_garden
Lair:1:   layout_roguey, gammafunk_ghost_arena, infiniplex_staircase_pool_2
Lair:2:   beast_lair_carwin_large_1, layout_layer_cave,
          mainiacjoe_swamp_entry_lozenge_pond,
          minmay_snake_entry_guardpost_small, grunt_megastairs_2,
          lemuel_fruit_fields
Lair:3:   layout_small_grid, mumra_transporter_accident, roderic_carrion_pond,
          nzn_masters_of_martial_movement
Lair:4:   layout_layer_cave, worms_lemuel
Lair:5:   grunt_lair_end_beastmaster, layout_regular_city,
          dpeg_slime_entry_corner, portal_ice_cave_entry_animals_and_master,
          lemuel_fruit_tree
Orc:1:    layout_caves, serial_shops, shop
Orc:2:    st_orc_mages, layout_caves, minmay_orc_temple_a

Skill      XL: |  1  2  3  4  5  6  7  8  9 10 11 12 13 14 |
---------------+-------------------------------------------+-----
Stealth        | 3 4 5 6 |  6.0
Dodging        | 3 4 5 6 8 9 10 | 10.0
Spellcasting   | 3 4 5 6 7 8 9 |  9.5
Fighting       | 1 2 3 4 5 6 8 9 |  9.9
Fire Magic     | 1 2 3 4 5 |  5.0
Summonings     | 5 6 7 8 9 10 11 | 11.1
Evocations     | 2 4 6 8 11 12 | 12.6
Unarmed Combat | 7 8 9 |  9.0
Air Magic      | 6 7 |  7.0
Invocations    | 7 |  7.8

Action                     |  1- 3 |  4- 6 |  7- 9 | 10-12 | 13-15 || total
---------------------------+-------+-------+-------+-------+-------++-------
  Melee: Unarmed           |    22 |    42 |    98 |    50 |   167 ||   379
         Bite              |     5 |     8 |    11 |     7 |    21 ||    52
         Punch             |     1 |     1 |       |       |    12 ||    14
   Cast: Summon Small Mamm |    26 |    19 |    25 |    20 |    23 ||   113
         Call Imp          |    11 |    17 |    17 |    17 |    17 ||    79
         Call Canine Famil |     2 |    16 |    21 |    21 |    14 ||    74
         Summon Blazeheart |       |     1 |    37 |    81 |   140 ||   259
         Summon Lightning  |       |       |     2 |    32 |    42 ||    76
         Summon Cactus Gia |       |       |       |       |     4 ||     4
 Invoke: Stomp             |     1 |       |     3 |     4 |    15 ||    23
  Evoke: Wand              |       |       |       |    16 |     1 ||    17
    Use: Scroll            |       |     7 |     7 |    14 |     9 ||    37
         Potion            |       |       |     3 |     2 |     1 ||     6
   Stab: Sleeping          |     3 |     8 |     5 |     2 |     4 ||    22
         Distracted        |       |     1 |     2 |     1 |     4 ||     8
         Petrified         |       |       |       |     2 |     2 ||     4
         Petrifying        |       |       |       |       |     1 ||     1
         Paralysed         |       |       |       |       |     1 ||     1
 Armour: Skin              |     8 |    17 |    82 |    75 |   132 ||   314
  Dodge: Dodged            |    27 |    48 |   179 |   203 |   365 ||   822
